Map: [ESL] Hardwire

Players

Dark - Winner!

  • Race: Zerg Zerg

Trap

  • Race: Protoss Protoss

Event: IEM Katowice 2022

VOD

Have the link to the VOD?

Description

Time

  • Played on: Feb. 26, 2022, 5:27 a.m.
  • Length: 8:47

All games in this series

Show
View Real Time Build Order
Export as new Build Order

Dark Zerg - Winner!

Build Orders: Hatch First 

Get SALT Encoding   

  12  0:00  Drone  
  13  0:13  Overlord  
  13  0:17  Drone  
  14  0:31  Drone x2  
  16  0:40  Drone  
  17  0:53  Hatchery  
  17  0:57  Drone  
  17  1:00  Drone  
  18  1:11  Extractor  
  17  1:15  Spawning Pool  
  17  1:18  Drone  
  17  1:20  Drone  
  18  1:29  Drone  
  19  1:39  Drone  
  20  1:50  Drone  
  21  2:02  Zergling x2  
  21  2:04  Queen  
  21  2:05  Queen  
  21  2:07  Drone  
  27  2:10  Metabolic Boost  
  27  2:14  Overlord  
  27  2:16  Drone  
  28  2:33  Drone x2  
  28  2:34  Zergling x2  
  31  2:38  Hatchery  
  31  2:43  Queen  
  32  2:48  Overlord  
  32  2:52  Drone  
  32  2:54  Drone  
  32  2:56  Drone  
  35  3:05  Overlord  
  35  3:06  Drone  
  35  3:10  Drone  
  37  3:13  Drone x2  
  37  3:14  Drone  
  37  3:18  Drone  
  41  3:21  Queen  
  43  3:27  Roach Warren  
  43  3:28  Drone  
  43  3:33  Spore Crawler  
  42  3:35  Drone  
  42  3:37  Drone, Extractor  
  43  3:44  Drone x2  
  45  3:50  Drone x3  
  45  3:51  Queen  
  45  3:54  Drone  
  51  3:57  Drone x2  
  51  4:00  Overlord  
  52  4:08  Roach x2  
  56  4:13  Overlord  
  56  4:19  Spore Crawler, Roach  
  56  4:22  Zergling x8  
  61  4:27  Overlord  
  61  4:28  Lair  
  61  4:30  Ravager  
  62  4:33  Drone x2  
  62  4:36  Zergling x4  
  66  4:41  Drone  
  66  4:42  Drone, Spore Crawler  
  66  4:43  Drone  
  65  4:46  Drone x2  
  65  4:48  Drone  
  65  4:49  Drone  
  68  4:55  Drone x2  
  68  4:56  Drone  
  68  4:57  Drone  
  68  4:58  Drone  
  73  5:00  Drone  
  73  5:03  Extractor x2  
  73  5:05  Overlord  
  72  5:08  Drone x2  
  72  5:10  Drone  
  72  5:12  Drone  
  72  5:13  Drone  
  74  5:23  Overlord  
  74  5:25  Drone x3  
  75  5:30  Spire  
  75  5:31  Drone x4  
  75  5:32  Drone x2  
  75  5:34  Drone x2  
  80  5:36  Drone  
  80  5:40  Extractor  
  80  5:42  Extractor  
  80  5:43  Drone x2  
  80  5:46  Ravager x2  
  83  5:50  Evolution Chamber  
  83  5:53  Drone, Overlord  
  83  5:55  Roach x2  
  83  5:56  Roach  
  89  6:05  Overlord x2  
  89  6:13  Zergling x18  
  89  6:16  Zerg Melee Weapons Level 1  
  98  6:20  Overlord  
  98  6:27  Overlord  
  98  6:39  Hatchery  
  97  6:41  Mutalisk x7  
  97  6:44  Zerg Flyer Weapons Level 1  
  97  6:45  Zergling x8  
  115  6:49  Mutalisk  
  116  6:55  Zergling x6  
  116  6:58  Overlord  
  116  6:59  Zergling x8  
  123  7:06  Zergling x2  
  124  7:09  Drone  
  124  7:11  Overlord x2  
  125  7:18  Zergling x8  
  125  7:20  Ravager x2  
  128  7:23  Roach  
  128  7:25  Ravager  
  128  7:29  Zergling x10  
  136  7:35  Overseer  
  136  7:37  Roach x4  
  142  7:38  Zergling x6  
  142  7:40  Roach  
  148  7:45  Roach x2  
  148  7:47  Ravager  
  153  7:53  Zergling x4  
  153  7:57  Roach x2  
  151  8:00  Roach  
  151  8:03  Roach x2  
  152  8:09  Zergling x2  
  152  8:10  Zergling x10  
  142  8:17  Roach x3  
  144  8:21  Roach  
Show
View Real Time Build Order
Export as new Build Order

Trap Protoss 

Build Orders: 1 Gate Expand, Oracle Opening 

Get SALT Encoding   

  12  0:00  Probe  
  13  0:13  Pylon  
  13  0:17  Probe (Chrono Boost)  
  14  0:27  Probe (Chrono Boost)  
  15  0:32  Probe (Chrono Boost)  
  16  0:41  Gateway  
  16  0:43  Probe  
  16  0:48  Assimilator  
  17  0:56  Probe  
  18  1:08  Probe  
  19  1:20  Probe  
  19  1:25  Nexus  
  20  1:35  Cybernetics Core  
  20  1:38  Probe  
  21  1:45  Assimilator  
  21  1:50  Probe  
  21  1:54  Pylon  
  22  2:02  Probe  
  23  2:10  Probe, Adept (Chrono Boost)  
  23  2:12  Warp Gate  
  26  2:18  Probe  
  27  2:28  Stargate  
  27  2:30  Probe (Chrono Boost)  
  27  2:36  Stalker  
  30  2:37  Probe (Chrono Boost)  
  32  2:46  Probe x2 (Chrono Boost)  
  33  2:51  Probe (Chrono Boost)  
  33  2:53  Probe  
  35  3:03  Probe  
  35  3:05  Probe  
  37  3:10  Oracle (Chrono Boost)  
  39  3:15  Gateway  
  39  3:16  Probe  
  39  3:17  Probe  
  39  3:19  Pylon  
  41  3:20  Adept  
  41  3:25  Pylon  
  43  3:28  Probe  
  43  3:29  Probe  
  45  3:37  Oracle (Chrono Boost)  
  45  3:40  Probe  
  49  3:41  Probe  
  50  3:52  Probe  
  50  3:53  Probe  
  52  4:00  Assimilator  
  52  4:05  Probe x2  
  52  4:07  Oracle  
  57  4:10  Pylon  
  57  4:11  Adept  
  57  4:15  Adept  
  61  4:17  Probe  
  62  4:24  Nexus  
  62  4:28  Probe  
  62  4:29  Assimilator  
  62  4:31  Pylon  
  63  4:33  Probe  
  64  4:40  Probe  
  64  4:49  Probe  
  66  4:52  Probe  
  66  4:54  Forge  
  66  4:57  Twilight Council  
  66  4:59  Gateway  
  66  5:00  Gateway, Sentry x2  
  66  5:03  Probe  
  66  5:04  Probe  
  72  5:09  Pylon  
  72  5:16  Protoss Ground Weapons Level 1  
  72  5:19  Probe x2  
  69  5:31  Probe x2  
  69  5:32  Blink (Chrono Boost)  
  69  5:34  Shield Battery  
  71  5:39  Probe  
  72  5:43  Robotics Facility, Zealot, Probe x2  
  72  5:44  Sentry  
  78  5:53  Gateway  
  78  5:56  Gateway  
  78  5:58  Gateway  
  78  6:00  Probe x2  
  78  6:01  Probe  
  78  6:02  Gateway, Sentry  
  83  6:05  Pylon  
  83  6:11  Stalker x2  
  83  6:12  Sentry  
  83  6:15  Pylon  
  89  6:22  Probe x3  
  92  6:26  Warp Prism (Chrono Boost)  
  92  6:27  Pylon  
  94  6:33  Pylon  
  94  6:39  Stalker x3  
  100  6:47  Stalker x2  
  100  6:50  Assimilator  
  100  6:51  Assimilator  
  104  6:56  Pylon, Observer  
  105  7:03  Stalker x2  
  105  7:04  Stalker x3  
  115  7:12  Pylon  
  115  7:27  Pylon  
  115  7:29  Stalker x5  
  125  7:30  Stalker  
  125  7:33  Probe x2  
  125  7:34  Probe  
  125  7:35  Pylon  
  130  7:37  Pylon  
  127  7:46  Stalker x2  
  129  7:59  Zealot x2  
  106  8:18  Pylon  
  94  8:22  Stalker x4  

Tags
 
Add a new tag
Caveats
  • Supply blocks, unpowered buildings, or Contaminate may cause inaccurate times.
  • Supply counts are checked every 10 seconds.